 Dungeon Crawl Stone Soup version 0.26.1-11-gd32895ea62 (webtiles) character file.

Game seed: 11991843958561735940

174 tizbic2 the Covered (level 5, -1/36 HPs)
             Began as a Demonspawn Wanderer on June 26, 2021.
             Was an Initiate of Kikubaaqudgha.
             Slain by Grinder (4 damage)
             ... on level 3 of the Dungeon on June 27, 2021.
             The game lasted 00:15:52 (3209 turns).

tizbic2 the Covered (Demonspawn Wanderer)           Turns: 3209, Time: 00:15:56

Health: -1/36      AC: 10    Str: 14    XL:     5   Next: 28%
Magic:  10/10      EV:  5    Int: 12    God:    Kikubaaqudgha [......]
Gold:   123        SH:  3    Dex: 13    Spells: 9/10 levels left

rFire    . . .     SeeInvis .   a - +2 mace
rCold    . . .     Faith    .   h - +0 buckler
rNeg     . . .     Spirit   .   f - +0 chain mail
rPois    .         Reflect  .   (helmet restricted)
rElec    .         Harm     .   (no cloak)
rCorr    .         Rampage  .   j - +0 pair of gloves
Will     .....                  (no boots)
Stlth    ..........             (no amulet)
HPRegen  0.12/turn              (no ring)
MPRegen  0.12/turn              (no ring)

@: no status effects
A: claws 1, horns 1, foul stench 1, miasma immunity
a: Renounce Religion


You were on level 3 of the Dungeon.
You worshipped Kikubaaqudgha.
Kikubaaqudgha was noncommittal.
You visited 1 branch of the dungeon, and saw 4 of its levels.

You collected 123 gold pieces.

Inventory:

Hand Weapons
 a - a +2 mace (weapon)
Armour
 d - a +0 robe
 f - a +0 chain mail (worn)
 h - a +0 buckler (worn)
 j - a +0 pair of gloves (worn)
 o - a +0 ring mail
Scrolls
 b - a scroll of blinking
 c - a scroll of identify
 e - 5 scrolls of remove curse
 k - a scroll of fog {unknown}
 l - a scroll of magic mapping {unknown}
 m - a scroll of teleportation {unknown}
 n - 2 scrolls of amnesia {unknown}
Potions
 i - a potion of magic {unknown}
 p - a potion of might {unknown}
 q - a potion of degeneration {unknown}
 r - a potion of ambrosia


   Skills:
 + Level 0.8 Fighting
 + Level 2.5 Maces & Flails
 * Level 4.3 Armour
 - Level 1.0 Stealth
 + Level 0.1 Shields
 + Level 3.3 Spellcasting
 * Level 1.4 Transmutations
 + Level 0.1 Poison Magic
 - Level 1.0 Evocations


You had 9 spell levels left.
You knew the following spells:

 Your Spells              Type           Power        Failure   Level
a - Sting                 Tmut/Pois      12%          99%         1

Your spell library contained the following spells:

 Spells                   Type           Power        Failure   Level
 Passwall                 Tmut/Erth      2%           100%        2
 Wereblood                Tmut           5%           100%        2
 Spider Form              Tmut/Pois      1%           100%        3


Dungeon Overview and Level Annotations

Branches:
Dungeon (4/15)
 Temple: D:4-7

Altars:
Gozag
Kikubaaqudgha
Okawaru
Yredelemnul

Annotations:
D:3 Grinder
D:4 Eustachio


Innate Abilities, Weirdness & Mutations

You have sharp fingernails.
You have a pair of small horns on your head.
You may emit foul miasma when damaged in melee.
You are immune to miasma.


Message History

Grinder blinks!
Unknown command.
Grinder blinks!
You completely miss Grinder. Your headbutt misses Grinder.
Grinder is almost dead.
Grinder gestures at you. Pain shoots through your body!
* * * LOW HITPOINT WARNING * * *
You barely miss Grinder. You headbutt Grinder.
Grinder is almost dead.
Grinder barely misses you. Grinder gestures at you.
You resist with significant effort.
Your shield and chain mail prevent you from hitting Grinder.
Grinder is almost dead.
Grinder hits you.
* * * LOW HITPOINT WARNING * * *
You writhe in agony.
You die...
Kikubaaqudgha rasps: "You have failed me!
Welcome... death!"

#.####. #....#. #.##.#. #.##.#)
#.##.#. #.#.... #.####.
############### #.# #.
#>รท..........@# #####.## #.
#.###########5## #......# #.
#.######<####..#####......###.
#.............................
#.######.#####..####...)..#.#.
#......#.# ##.# #......#.#. ##
######.#.#### #.## #####.#....
.########.#....###((#######.#..##
.......##.#......(...((.(...#..##


You could see Grinder.

Vanquished Creatures
  A worker ant (D:3)
  A howler monkey skeleton (D:3)
  5 adders
  An ufetubus (D:3)
  An ooze (D:1)
  3 worms
  4 dart slugs
  A leopard gecko (D:3)
  A ball python (D:2)
  A bat (D:2)
  4 giant cockroaches
  2 gnoll zombies (D:3)
  7 goblins
  6 hobgoblins
  11 jackals
  4 kobolds
  A quokka (D:3)
  2 frilled lizards (D:1)
  10 rats
66 creatures vanquished.

Vanquished Creatures (others)
  A human (D:3)
1 creature vanquished.

Grand Total: 67 creatures vanquished

Notes
Turn   | Place    | Note
-------+----------+-------------------------------------------
     0 | D:1      | tizbic2 the Demonspawn Wanderer began the quest for the
                  | Orb.
     0 | D:1      | tizbic2 set off with the following items: a +2 mace, a +0
                  | robe; and the following spell memorised: Sting; and the
                  | following spells available to memorise: Passwall,
                  | Wereblood, Spider Form
     0 | D:1      | Reached XP level 1. HP: 13/13 MP: 4/4
   122 | D:1      | Gained mutation: You have a pair of small horns on your
                  | head. [demonic ancestry]
   122 | D:1      | Reached XP level 2. HP: 4/19 MP: 4/6
   657 | D:1      | Reached skill level 3 in Armour
  1051 | D:2      | Gained mutation: You have sharp fingernails. [demonic
                  | ancestry]
  1051 | D:2      | Reached XP level 3. HP: 23/25 MP: 7/7
  1763 | D:2      | Gained mutation: You are immune to miasma. [demonic
                  | ancestry]
  1763 | D:2      | Reached XP level 4. HP: 29/31 MP: 9/9
  1849 | D:3      | Reached skill level 1 in Transmutations
  2007 | D:3      | Found an opulent altar of Gozag.
  2151 | D:3      | Found an ancient bone altar of Kikubaaqudgha.
  2151 | D:3      | Noticed a human
  2154 | D:3      | Killed a human
  2161 | D:3      | Became a worshipper of Kikubaaqudgha
  2294 | D:3      | Found a basalt altar of Yredelemnul.
  2425 | D:3      | Found an iron altar of Okawaru.
  2718 | D:4      | Noticed Grinder
  2829 | D:4      | Noticed Eustachio
  2929 | D:3      | Reached skill level 4 in Armour
  2929 | D:3      | Gained mutation: You may emit foul miasma when damaged in
                  | melee. [demonic ancestry]
  2929 | D:3      | Reached XP level 5. HP: 11/36 MP: 10/10
  3165 | D:4      | Noticed a phantom
  3209 | D:3      | Slain by Grinder

Illustrated notes

Levels and vault maps discovered:
D:1:      dpeg_arrival_simpleton_b, layout_basic, minmay_nonomino_d4
D:2:      layout_basic, lemuel_doored_altar
D:3:      layout_basic, nicolae_overflow_hidden_temple,
          overflow_temple_1_default, lemuel_zombie_altar_yredelemnul,
          tgw_kikubaaqudgha
D:4:      cheibrodos_pilgrimage, layout_basic,
          nicolae_gozag_cash_rules_everything_around_me, uniq_eustachio,
          uniq_grinder

Skill      XL: |  1  2  3  4 |
---------------+-------------+-----
Maces & Flails | 2 |  2.5
Armour         | 3 4 |  4.3
Transmutations | 1 |  1.4
Fighting       | |  0.8
Stealth        | |  1.0
Shields        | |  0.1
Spellcasting   | |  3.3
Poison Magic   | |  0.1
Evocations     | |  1.0

Action                   |  1- 3 |  4- 6 || total
-------------------------+-------+-------++-------
Melee: Mace              |    92 |   126 ||   218
       Headbutt          |    10 |    21 ||    31
 Cast: Sting             |     4 |       ||     4
  Use: Scroll            |     1 |     3 ||     4
       Potion            |       |     2 ||     2
Armor: Robe              |     2 |       ||     2
       Chain mail        |    49 |    89 ||   138
Dodge: Dodged            |    49 |    35 ||    84
Block: Buckler           |     5 |    15 ||    20
